 Dungeon Crawl Stone Soup version 0.24.0-123-gd5b16e6ec5 (webtiles) character file.

Game seed: 1808395903385736837, levelgen mode: deterministic

660 Peloso the Covered (level 7, -1/61 HPs)
             Began as a Minotaur Fighter on Jan 30, 2020.
             Was an Initiate of Okawaru.
             Slain by a scorpion (5 damage)
             ... on level 5 of the Dungeon.
             The game lasted 00:06:48 (3683 turns).

Peloso the Covered (Minotaur Fighter)               Turns: 3683, Time: 00:06:49

Health: -1/61      AC: 12    Str: 26    XL:     7   Next: 30%
Magic:  6/6        EV:  5    Int:  5    God:    Okawaru [......]
Gold:   293        SH: 11    Dex: 11    Spells: 6/6 levels left

rFire    . . .     SeeInvis .   a - +0 long sword
rCold    . . .     Gourm    .   c - +0 shield
rNeg     . . .     Faith    .   k - +0 plate armour
rPois    .         Spirit   .   (helmet restricted)
rElec    .         Reflect  .   (no cloak)
rCorr    .         Harm     .   (no gloves)
MR       .....                  (no boots)
Stlth    ..........             (no amulet)
HPRegen  0.20/turn              (no ring)
MPRegen  0.10/turn              (no ring)

@: mighty
A: retaliatory headbutt, horns 2
a: Renounce Religion


You were on level 5 of the Dungeon.
You worshipped Okawaru.
Okawaru was noncommittal.
You were not hungry.

You visited 1 branch of the dungeon, and saw 5 of its levels.

You collected 293 gold pieces.

Inventory:

Hand Weapons
 a - a +0 long sword (weapon)
Armour
 b - a +0 scale mail
 c - a +0 shield (worn)
 k - a +0 plate armour (worn)
Wands
 m - a wand of scattershot (3)
 t - a wand of iceblast (12)
Scrolls
 e - a scroll of magic mapping {unknown}
 g - a scroll of noise {unknown}
 h - a scroll of fog {unknown}
 i - 6 scrolls of remove curse {unknown}
 j - 3 scrolls of identify
 l - a scroll of enchant armour {unknown}
 o - 3 scrolls of teleportation {unknown}
 r - a scroll of random uselessness {unknown}
Potions
 d - a potion of might
 n - 2 potions of curing
 p - a potion of agility
 q - a potion of brilliance
 s - 2 potions of haste
Comestibles
 f - 13 rations


   Skills:
 + Level 5.3 Fighting
 + Level 5.4 Long Blades
 + Level 6.5 Armour
 + Level 0.9 Dodging
 + Level 5.8 Shields


You had 6 spell levels left.
You didn't know any spells.
Your spell library was empty.

Dungeon Overview and Level Annotations

Branches:
Dungeon (5/15)
 Temple: D:4-7

Altars:
Okawaru
Sif Muna

Annotations:
D:5 Sigmund


Innate Abilities, Weirdness & Mutations

You reflexively headbutt those who attack you in melee.
You have a pair of horns on your head.


Message History

You block the orc's attack.
You slash the orc!
You kill the orc!
Okawaru accepts your kill.
You closely miss the shadow imp. You headbutt the shadow imp!
You kill the shadow imp!
Okawaru accepts your kill. The scorpion stings you.
Something hits you but does no damage. Space bends around you.
There is an open door here.
You see here an orc corpse.
You hit the scorpion.
The scorpion is lightly wounded.
The scorpion stings you but does no damage.
Something hits you but does no damage. Space warps horribly around you!
* * * LOW HITPOINT WARNING * * *
You barely miss the scorpion. You headbutt the scorpion.
The scorpion is moderately wounded.
You block the scorpion's attack. The scorpion stings you.
You die...

.# .# #.# .#### #.# ....#
#.# ##+## ..#.# #.# ##...##
..#.#####.##### ##.....##
..#.##.....(..# ##.......##
.##.##.##.....###.........#
.............S.s@.........+
.##.##@###...J###.........#
....##.###..#.# ##.......##
.#####.JS.s...# ##.....##
#####.#### ##...## #:.#
##+## ##.# .# s#


You could see a scorpion, an ooze and an adder.

Vanquished Creatures
  An ice beast (D:5)
  3 phantoms
  A jelly (D:5)
  A bullfrog skeleton (D:5)
  A hound (D:5)
  An iguana (D:4)
  A worker ant (D:5)
  A gnoll (D:1)
  5 adders
  A shadow imp (D:5)
  An ooze (D:3)
  2 worms (D:2)
  2 dart slugs
  A leopard gecko (D:3)
  8 orcs
  4 ball pythons
  3 giant cockroaches
  8 goblins
  8 hobgoblins
  10 kobolds
  4 quokkas
  5 bats
  5 rats
77 creatures vanquished.

Notes
Turn   | Place    | Note
-------+----------+-------------------------------------------
     0 | D:1      | Peloso the Minotaur Fighter began the quest for the Orb.
     0 | D:1      | Reached XP level 1. HP: 19/19 MP: 0/0
    49 | D:1      | Reached XP level 2. HP: 22/27 MP: 1/1
   209 | D:1      | Reached skill level 4 in Armour
   414 | D:1      | Reached XP level 3. HP: 33/33 MP: 2/2
  1280 | D:2      | Reached XP level 4. HP: 40/40 MP: 3/3
  1875 | D:3      | Noticed a phantom
  1981 | D:3      | Killed a phantom
  1981 | D:3      | Reached skill level 5 in Armour
  1981 | D:3      | Reached XP level 5. HP: 14/47 MP: 4/4
  2462 | D:3      | Found a shimmering blue altar of Sif Muna.
  2615 | D:4      | Reached skill level 5 in Shields
  3059 | D:4      | Found an iron altar of Okawaru.
  3112 | D:4      | Noticed a phantom
  3156 | D:4      | Killed a phantom
  3156 | D:4      | Reached XP level 6. HP: 25/53 MP: 5/5
  3220 | D:4      | Became a worshipper of Warmaster Okawaru
  3307 | D:5      | Entered Level 5 of the Dungeon
  3441 | D:5      | Reached skill level 5 in Fighting
  3441 | D:5      | Reached skill level 6 in Armour
  3567 | D:5      | Noticed an ice beast
  3578 | D:5      | Killed an ice beast
  3578 | D:5      | Reached skill level 5 in Long Blades
  3578 | D:5      | Reached XP level 7. HP: 43/61 MP: 6/6
  3661 | D:5      | Noticed Sigmund
  3683 | D:5      | Slain by a scorpion

Levels and vault maps discovered:
D:1:      dpeg_arrival_leaves_temple_mockup, layout_basic
D:2:      layout_basic, minmay_indecisive_spiral
D:3:      layout_rooms, lemuel_doored_altar, first_ration
D:4:      layout_loops_cross, lemuel_coloured_pillars_altar
D:5:      layout_loops_corners, uniq_sigmund

Skill      XL: |  1  2  3  4  5  6 |
---------------+-------------------+-----
Fighting       | 4 5 |  5.3
Armour         | 4 5 6 |  6.5
Shields        | 4 5 |  5.8
Long Blades    | 3 4 5 |  5.4
Dodging        | |  0.9

Action                   |  1- 3 |  4- 6 |  7- 9 || total
-------------------------+-------+-------+-------++-------
Melee: Long sword        |    98 |   189 |    22 ||   309
       Headbutt          |    17 |    23 |     9 ||    49
  Use: Potion            |     3 |       |     1 ||     4
       Scroll            |       |     3 |       ||     3
  Eat: Chunk             |     1 |     8 |       ||     9
Armor: Scale mail        |    30 |       |       ||    30
       Plate armour      |    10 |   140 |    16 ||   166
Dodge: Dodged            |    22 |    26 |     2 ||    50
Block: Shield            |    55 |   128 |    12 ||   195
       Rpst.: Long sword |     5 |     7 |     1 ||    13
